Description

Beginner standard TvZ build. Hopefully easy.

Replay - Babylon LE (100)

Build Order

Get SALT Encoding   

  12  0:01  SCV  
  13  0:13  SCV  
  14  0:19  Supply Depot  
  14  0:25  SCV  
  15  0:41  SCV  
  16  0:43  Barracks  
  16  0:48  Refinery  
  16  0:53  SCV  
  17  1:05  SCV  
  18  1:17  SCV  
  19  1:30  Marine  
  19  1:31  Orbital Command  
  20  1:44  Command Center  
  20  1:49  Barracks Reactor  
  20  1:56  Supply Depot  
  20  1:58  SCV  
  21  2:10  SCV  
  22  2:27  Factory, Refinery, Marine x2  
  24  2:30  SCV  
  25  2:42  SCV  
  25  2:44  Marine x2  
  27  2:54  SCV  
  28  2:59  Orbital Command  
  28  3:02  Marine x2  
  30  3:06  SCV  
  30  3:12  Starport  
  31  3:14  Factory Tech Lab  
  31  3:18  SCV  
  32  3:20  Marine x2  
  34  3:27  SCV  
  34  3:29  Supply Depot  
  34  3:30  SCV  
  36  3:34  Siege Tank  
  36  3:39  SCV  
  40  3:42  SCV  
  40  3:44  Marine x2  
  43  3:51  SCV  
  43  3:53  Viking  
  43  3:55  SCV  
  47  4:05  Barracks, Supply Depot  
  47  4:06  Marine x2  
  49  4:13  Siege Tank  
  52  4:20  Barracks  
  52  4:31  Marine x2  
  54  4:32  SCV x2  
  54  4:36  Supply Depot  
  54  4:38  Starport Tech Lab  
  56  4:44  SCV x2  
  58  4:48  Marine  
  58  4:49  Marine  
  60  4:56  SCV x2  
  60  4:58  Factory Tech Lab  
  62  5:00  Supply Depot  
  62  5:08  Refinery, Stimpack, SCV x2  
  62  5:09  Starport Reactor  
  64  5:16  Supply Depot  
  64  5:20  SCV  
  65  5:26  Barracks x2  
  65  5:27  SCV  
  66  5:30  Siege Tank  
  66  5:33  SCV  
  70  5:39  SCV, Supply Depot  
  70  5:42  Combat Shield  
  71  5:45  Marine  
  72  5:50  Medivac x2  
  72  5:52  SCV x2  
  78  5:59  Refinery  
  78  6:02  Siege Tank  
  81  6:06  SCV  
  81  6:09  Supply Depot  
  82  6:13  Engineering Bay  
  82  6:16  SCV  
  83  6:18  Marine  
  83  6:19  Marauder, Supply Depot  
  83  6:22  Barracks Reactor  
  83  6:23  Barracks Tech Lab  
  86  6:28  Supply Depot  
  86  6:34  Siege Tank  
  89  6:41  Supply Depot  
  89  6:47  Supply Depot  
  89  7:15  Liberator x2  
  89  7:16  SCV  
  89  7:18  Siege Tank  
  99  7:28  Marauder x2, Marine x2  
  105  7:33  Command Center  
  105  7:36  Marine x2  
  107  7:37  SCV x2  
  107  7:40  Supply Depot  
  107  7:42  Bunker  
  109  7:47  Supply Depot  
  109  7:49  SCV x2  
  109  7:50  Terran Infantry Weapons Level 1  
  109  7:51  Engineering Bay  
  111  7:52  Marine  
  111  7:53  Marine x2  
  114  7:58  Medivac x2  
  114  7:59  Siege Tank  
  114  8:01  SCV x2  
  123  8:17  SCV  
  124  8:28  Armory, Viking x2  
  128  8:37  SCV  
  128  8:41  Siege Tank  
  132  8:48  Starport, SCV  
  133  8:49  Orbital Command  
  133  8:52  Refinery, Missile Turret  
  133  9:11  Medivac x2  
  133  9:13  Siege Tank, SCV x2  
  133  9:15  Marauder, Marine x2  
  133  9:16  Marauder  
  148  9:20  Refinery  
  148  9:25  SCV  
  148  9:28  Terran Vehicle Weapons Level 1  
  149  9:45  Siege Tank  
  152  9:49  Starport Tech Lab  
  152  9:51  Terran Infantry Armor Level 1  
  152  9:55  Bunker  
  152  9:58  Armory  
  152  10:00  Supply Depot  
  152  10:01  Supply Depot  
  152  10:12  Command Center  
  152  10:17  Siege Tank  
  155  10:32  Banshee  
  158  10:37  Viking x2  
  158  10:40  Marauder, Marine x2  
  158  10:41  SCV x2  
  168  10:49  Siege Tank  
  171  10:54  Command Center  
  171  10:55  Marine  
  171  10:56  Marauder x2  
  176  10:58  Supply Depot  
  176  10:59  Terran Vehicle And Ship Armor Level 1  
  176  11:12  Factory  
  176  11:15  Raven  
  178  11:19  Starport  
  178  11:20  Supply Depot  
  178  11:21  Siege Tank  
  178  11:22  Terran Ship Weapons Level 1  
  181  11:30  Cloaking Field  
  180  11:45  Terran Infantry Weapons Level 2  
  180  11:53  Siege Tank  
  183  12:03  Viking x2, Banshee  
  183  12:08  Marauder, Marine x2  
  192  12:18  Planetary Fortress  
  192  12:21  Refinery  
  192  12:25  Siege Tank  
  195  12:34  Refinery  
  195  12:46  Banshee  
  197  13:24  Viking  
  186  14:16  Siege Tank  
  131  14:17  Marine x4  
  131  14:18  Marauder x3  
  107  14:28  Factory Tech Lab  
  107  14:29  SCV x2  
  107  14:30  SCV  
  104  14:35  Marine x4  
  106  14:39  Marauder x3  
  106  14:41  SCV  
  110  14:49  Siege Tank  
  113  14:52  Marine  
  113  14:53  Marine x2  
  113  15:00  Marauder x2  
  113  15:01  Marauder  
  113  15:02  Marine  
  114  15:10  Marine  
  114  15:11  Marine x2  
  115  15:20  Marine, Hellion  
  115  15:21  Siege Tank  
  121  15:22  Marauder x3  
  121  15:24  SCV  
  121  15:25  SCV x2  
  121  15:27  Starport Reactor  
  130  15:28  Marine x3  
  133  15:36  SCV  
  133  15:38  Marine  
  133  15:41  Hellion  
  133  15:42  Medivac x2  
  139  15:43  Marauder x3, Medivac  
  139  15:46  Marine x3  
  152  15:53  Siege Tank  
  152  15:56  Marine  
  156  16:03  Hellion  
  156  16:04  Marauder, Marine x3  
  158  16:05  Marauder x2  
  167  16:12  Medivac  
  167  16:13  Marine  
  144  16:22  Marine x3  
  144  16:24  Hellion  
  144  16:25  Siege Tank, Marine  
  142  16:26  Marauder  
  142  16:29  Marine  
  142  16:31  Marine  
  141  16:39  Marine  
  130  16:40  Marine x2  
  130  16:44  Marauder  
  130  16:46  Hellion  
  125  16:47  Marauder x2  
  125  16:49  Marine  
  124  16:57  Marine x3, Hellion  
  129  17:05  Marauder  
  129  17:07  Marine  
  134  17:08  Marauder  
  134  17:09  Marauder  
  134  17:12  Siege Tank  
  134  17:15  Marine x3  
  140  17:18  Siege Tank  
  145  17:25  Marine  
  145  17:27  Marauder  
  145  17:29  Terran Vehicle And Ship Armor Level 2  
  150  17:30  Marauder x2  
  150  17:31  Terran Infantry Armor Level 2  
  150  17:33  Terran Vehicle Weapons Level 2, Marine x3  
  155  17:37  Refinery  
  155  17:42  Marine  
  155  17:44  Siege Tank, Viking x2  
  158  17:48  Marauder  
  158  17:50  Siege Tank  
  158  17:51  Marauder x2, Marine x3  
  175  18:00  Marine  
  176  18:08  Marine  
  176  18:09  Marauder, Marine x2  
  176  18:12  Marine  
  183  18:13  Marauder  
  183  18:16  Siege Tank  
  183  18:18  Marine  
  188  18:23  Siege Tank  
  188  18:26  Marine x2  
  188  18:27  Marine  
  192  18:31  Marauder x2  
  192  18:33  Marine  
  199  18:36  Marine  
  182  19:30  Siege Tank x2  
  182  19:31  Marine x2  
  183  19:38  Marauder x2, Marine x3  
  190  19:44  Terran Ship Weapons Level 2  
  191  19:47  Terran Infantry Weapons Level 3  
  191  19:49  Marine x2  
  193  19:55  Marine  
  193  19:56  Marauder, Command Center, Marine  
  199  20:00  Marauder  
  199  20:03  Marine  
  198  20:18  Marauder  
  200  20:39  Marauder  
  198  20:51  Marine x2  
  169  21:14  Marine x3  
  169  21:15  Marauder x3, Marine  
  159  21:29  Hellion  
  159  21:30  Hellion  
  159  21:32  Marine x4  
  162  21:36  Marauder x3  
  166  21:50  Marine x4  
  166  21:51  Hellion x2  
  174  21:57  Marauder  
  174  21:58  Marauder x2  
  180  22:08  Marine x4  
  183  22:12  Hellion x2  
  184  22:16  Medivac x3  
  184  22:19  Marauder x3  
  189  22:25  Marine x2  
  189  22:26  Marine x2  
  193  22:33  Siege Tank  
  193  22:34  Hellion  
  198  22:40  Marauder  
  200  22:59  Orbital Command  
Spawning Tool Build Advisor. Get it on Overwolf

Go to:

Details

  • Created by: Poovan
  • Published on: Dec 04, 2025
  • Modified on: Dec 04, 2025
  • Patch: 5.0.11
  • Difficulty: Easy
Show
View Real Time Build Order
Export as new Build Order

Comments (0)

There are no comments. Be the first!

Create an account to comment!